 Dungeon Crawl Stone Soup version 0.31-a0-150-g89dc3ad700 (webtiles) character file.

Game seed: 15322572495992223986

133 jlumianski the Ducker (level 5, 0/36 HPs)
             Began as a Djinni Fire Elementalist on June 8, 2023.
             Slain by an ogre
             ... wielding a +0 giant club
              (20 damage)
             ... on level 3 of the Dungeon.
             The game lasted 00:09:10 (1722 turns).

jlumianski the Ducker (Djinni Fire Elementalist)    Turns: 1722, Time: 00:09:11

Health: 0/36       AC:  2    Str:  7    XL:     5   Next: 40%
Gold:   129        EV: 13    Int: 19    God:
                   SH:  0    Dex: 13

rFire   + + .        k - +0 short sword
rCold   x . .        (no shield)
rNeg    . . .        a - +0 robe
rPois   ∞            (no helmet)
rElec   .            (no cloak)
rCorr   .            (no gloves)
SInv    .            (boots unavailable)
Will    .....        (no amulet)
Stlth   ++           (no ring)
HPRegen 0.26/turn    (no ring)
MPRegen 0.00/turn

%: infuse magic (-1 HP)
@: flying
A: sickness immunity, fire resistance 2, cold vulnerability 1, float, innate
caster, HP casting, extra vitality 1
a: no special abilities


You were on level 3 of the Dungeon.
You visited 1 branch of the dungeon, and saw 4 of its levels.

You collected 129 gold pieces.

Inventory:

Hand Weapons
 c - a +2 whip of draining
 g - a +0 dagger
 k - a +0 short sword (weapon)
Missiles
 f - 4 curare-tipped darts
Armour
 a - a +0 robe (worn)
Scrolls
 e - a scroll of vulnerability {unknown}
 l - a scroll of fear {unknown}
Potions
 b - 2 potions of might {unknown}
 d - 2 potions of resistance {unknown}
 h - a potion of attraction
 j - 2 potions of curing
 m - a potion of magic {unknown}


   Skills:
 + Level 0.4 Fighting
 + Level 0.3 Short Blades
 + Level 0.1 Maces & Flails
 + Level 3.8 Dodging
 + Level 2.8 Stealth
 * Level 3.4 Spellcasting
 * Level 3.4 Conjurations
 * Level 3.4 Hexes
 * Level 3.4 Summonings
 * Level 3.4 Necromancy
 * Level 3.4 Translocations
 * Level 3.4 Transmutations
 * Level 3.4 Fire Magic
 * Level 3.4 Ice Magic
 * Level 3.4 Air Magic
 * Level 3.4 Earth Magic
 * Level 3.4 Poison Magic


You knew the following spells:

 Your Spells              Type           Power      Damage    Failure   Level
a - Foxfire               Conj/Fire      64%        2x1d7     3%          1
b - Scorch                Fire           32%        2d6       5%          2
c - Volatile Blastmotes   Fire/Tloc      32%        2d12      11%         3
d - Inner Flame           Hex/Fire       16%        N/A       11%         3
e - Flame Wave            Conj/Fire      16%        2d7       34%         4
f - Beastly Appendage     Tmut           32%        N/A       3%          1
g - Lesser Beckoning      Tloc           32%        N/A       5%          2
Your spell library was empty.

Dungeon Overview and Level Annotations

Branches:
Dungeon (4/15)
 Temple: D:4-7

Altars:

Annotations:
D:4 Duvessa


Innate Abilities, Weirdness & Mutations

You are immune to sickness and miasma.
You are immune to poison.
Your flesh is very heat resistant. (rF++)
You are vulnerable to cold. (rC-)
You float through the air rather than walking.
You learn spells naturally, not from books.
Your magical power is your life essence.
You have superior vitality. (+4 MHP)


Message History

Confirm with . or Enter, or press ? or * to list all spells.
You conjure some foxfire!
The foxfire hits the giant cockroach.
The giant cockroach is severely wounded.
The foxfire hits the giant cockroach.
You kill the giant cockroach!
Found a stone staircase leading down.
There is a stone staircase leading down here.
You fly downwards.
Found a smoky coppery potion.
There is a stone staircase leading up here.
An ogre comes into view. It is wielding a +0 giant club.
Found a dagger.
The ogre shouts!
The ogre moves out of view.
m - a smoky coppery potion A jackal comes into view.
The jackal moves out of view.
You hit the ogre.
The ogre is lightly wounded.
The ogre closely misses you.
You hit the ogre.
The ogre is lightly wounded.
Okay, then.
Okay, then.
Casting: Foxfire (safe; 3% risk of failure)
Confirm with . or Enter, or press ? or * to list all spells.
Flames lash the ogre.
The ogre is heavily wounded.
The ogre's fire resistance burns away.
The ogre hits you with a +0 giant club!!
Ouch! That really hurt!
* * * LOW HITPOINT WARNING * * *
You hear a bark!
You feel much better.
You hear a bark!
A jackal comes into view.
The ogre hits you with a +0 giant club!!
Ouch! That really hurt!
You die...

....... ...#. #
...... .... ...
#...# #..# ..#
#...# #..##h#..
#...###.......#
#.###.........#
........###<.##
#..#.)....#..# #.
#.####.#@.# # ...
#.#O.# #..#
#.##.#..##.# #..
#..........# ##
#.##.####..# ..
#.# ##..# #.
#.###...# #
#.####.[##...##.#
#.....>.........#


You could see an ogre (combustible) and a jackal.

Vanquished Creatures
  An orc priest (D:2)
  4 adders
  2 dart slugs (D:1)
  3 orcs
  6 endoplasms
  A giant cockroach (D:2)
  5 goblins
  7 hobgoblins
  2 jackals (D:2)
  3 kobolds (D:2)
  6 quokkas
  6 ball pythons
  7 bats
  2 frilled lizards (D:2)
  3 rats (D:1)
58 creatures vanquished.

Vanquished Creatures (others)
  122 foxfires
122 creatures vanquished.

Grand Total: 180 creatures vanquished

Notes
Turn   | Place    | Note
-------+----------+-------------------------------------------
     0 | D:1      | jlumianski the Djinni Fire Elementalist began the quest for
                  | the Orb.
     0 | D:1      | jlumianski set off with the following spells memorised:
                  | Foxfire, Scorch, Volatile Blastmotes, Inner Flame, Flame
                  | Wave.
     0 | D:1      | Reached XP level 1. HP: 15/15 MP: 0/0
    93 | D:2      | Reached XP level 2. HP: 20/21 MP: 0/0
   178 | D:1      | Reached XP level 3. HP: 13/25 MP: 0/0
   178 | D:1      | Learned a level 1 spell: Beastly Appendage
   748 | D:1      | Reached XP level 4. HP: 30/31 MP: 0/0
   816 | D:1      | Found a faded altar of an unknown god.
  1026 | D:4      | Noticed Duvessa
  1033 | D:3      | Reached XP level 5. HP: 12/35 MP: 0/0
  1033 | D:3      | Learned a level 2 spell: Lesser Beckoning
  1702 | D:3      | Noticed an ogre
  1721 | D:3      | HP: 1/36 [ogre/+0 giant club (33)]
  1722 | D:3      | Slain by an ogre

Illustrated notes

Levels and vault maps discovered:
D:1:      minmay_arrival_pointy, layout_rooms,
          dilly_ecumenical_altar_fadedgnrine
D:2:      layout_loops_cross
D:3:      layout_loops_ring, mainiacjoe_overflow_divided_tiny, serial_shops,
          nicolae_shop_scrapyard, kennysheep_small_spiral, uniq_robin
D:4:      layout_basic, grunt_temple_overflow_opulence,
          lightli_ossuary_entry_decrepit_ruins, feat_on_display, uniq_grinder,
          uniq_duvessa

Skill      XL: |  1  2  3 |
---------------+----------+-----
Spellcasting   | |  3.4
Conjurations   | |  3.4
Hexes          | |  3.4
Summonings     | |  3.4
Necromancy     | |  3.4
Translocations | |  3.4
Transmutations | |  3.4
Fire Magic     | |  3.4
Ice Magic      | |  3.4
Air Magic      | |  3.4
Earth Magic    | |  3.4
Poison Magic   | |  3.4
Stealth        | 2 |  2.8
Dodging        | 3 |  3.8
Fighting       | |  0.4
Short Blades   | |  0.3
Maces & Flails | |  0.1

Action                     |  1- 3 |  4- 6 || total
---------------------------+-------+-------++-------
  Melee: Whip              |     3 |       ||     3
         Dagger            |    14 |     5 ||    19
         Short sword       |       |    21 ||    21
   Cast: Foxfire           |    37 |    37 ||    74
         Scorch            |       |     1 ||     1
    Use: Scroll            |     3 |     1 ||     4
         Potion            |       |     1 ||     1
   Stab: Sleeping          |       |     2 ||     2
 Armour: Robe              |    11 |     1 ||    12
  Dodge: Dodged            |    50 |    22 ||    72

Table legend: (Time is in decaauts)
 A = Elapsed time spent in this place.
 B = Non-inter-level travel time spent in this place.
 C = Inter-level travel time spent in this place.
 D = Time resting spent in this place.
 E = Time spent auto-exploring this place.
 F = Levels seen in this place.
 G = Mean time per level.
                   A        B        C        D        E       F      G
               +--------+--------+--------+--------+--------+-----+--------+
         Total |   1727 |   1704 |     23 |    170 |    873 |   4 |  431.8 |
       Dungeon |   1727 |   1704 |     23 |    170 |    873 |   4 |  431.8 |
               +--------+--------+--------+--------+--------+-----+--------+

Top non-repeatable levels by time:
     D:2: 859 daAuts
     D:1: 781 daAuts
     D:3: 65 daAuts
     D:4: 21 daAuts
